 Dungeon Crawl Stone Soup version 0.30-a0-141-g30f27751c5 (webtiles) character file.

Game seed: 8308869215263261947

829 qw the Chopper (level 7, 0/44 HPs)
             Began as a Gargoyle Fighter on Sept 25, 2022.
             Slain by Pikel
             ... wielding a +1 whip of flaming
              (7 damage)
             ... on level 5 of the Dungeon.
             The game lasted 00:01:45 (5242 turns).

qw the Chopper (Gargoyle Fighter)                   Turns: 5242, Time: 00:01:45

Health: 0/44       AC: 16    Str: 21    XL:     7   Next: 97%
Magic:  7/7        EV:  7    Int: 12    God:
Gold:   156        SH:  0    Dex:  8    Spells: 6/6 levels left

rFire   + . .      SeeInvis .    Y - +0 war axe
rCold   . . .      Faith    .    c - +0 buckler
rNeg    + . .      Spirit   .    m - +0 chain mail
rPois   inf        Reflect  .    g - +0 helmet
rElec   +          Harm     .    (no cloak)
rCorr   .          Rampage  .    (no gloves)
Will    .....                    b - +0 pair of boots
Stlth   ..........               (no amulet)
HPRegen 0.14/turn                (no ring)
MPRegen 0.10/turn                (no ring)

@: confused
A: sickness immunity, AC +4, negative energy resistance 1, electricity
resistance, torment resistance 1, petrification resistance, clever 1, fire
resistance 1, screaming 1
a: no special abilities


You were on level 5 of the Dungeon.
You visited 1 branch of the dungeon, and saw 5 of its levels.

You collected 156 gold pieces.


Innate Abilities, Weirdness & Mutations

You are immune to sickness and miasma.
Your stone body is resilient. (AC +4)
You are immune to poison.
You resist negative energy. (rN+)
You are resistant to electric shocks. (rElec)
You are resistant to unholy torment.
You are immune to petrification.
Your mind is acute. (Int +4, Str/Dex -1)
Your flesh is heat resistant. (rF+)
You occasionally shout uncontrollably at your foes.


   Skills:
 - Level 5.1 Fighting
 - Level 7.1 Axes
 + Level 0.2 Throwing
 - Level 3.2 Armour
 - Level 1.2 Dodging
 - Level 3.2 Shields


You had 6 spell levels left.
You didn't know any spells.
Your spell library was empty.

Inventory:

Hand Weapons
 a - a +0 flail
 Y - a +0 war axe (weapon)
Missiles
 h - a boomerang (quivered)
Armour
 b - a +0 pair of boots (worn)
 c - a +0 buckler (worn)
 g - a +0 helmet (worn)
 m - a +0 chain mail (worn)
Wands
 k - a wand of digging (4)
Scrolls
 e - 3 scrolls of identify
 q - a scroll of noise {unknown}
Potions
 d - 4 potions of might
 f - a potion of mutation
 i - a potion of attraction
 j - a potion of curing {unknown}
 l - a potion of lignification {unknown}
 n - a potion of cancellation {unknown}
 o - a potion of resistance {unknown}
 p - a potion of ambrosia {unknown}

Dungeon Overview and Level Annotations

Branches:
Dungeon (5/15)
 Temple: D:4-7

Altars:

Annotations:
D:5 Pikel


Message History

Pikel zaps a wand.
Your will is overpowered!
You are confused.
Pikel hits you with a +1 whip of flaming!
Pikel burns you.
Pikel zaps a wand.
Your will is overpowered!
You are more confused.
You bump into the rock wall.
Pikel barely misses you.
You bump into the rock wall.
Pikel hits you but does no damage.
You bump into the rock wall.
Pikel hits you but does no damage.
You bump into the rock wall.
Pikel zaps a wand.
You resist with some effort.
Pikel hits you with a +1 whip of flaming.
You bump into the rock wall.
Pikel hits you with a +1 whip of flaming.
You barely miss Pikel.
Pikel is moderately wounded.
Pikel completely misses you.
You bump into the rock wall.
Pikel hits you with a +1 whip of flaming.
Pikel burns you.
You're too confused to move!
You feel less confused.
Pikel says, "You'll freeze in Cocytus!"
Pikel closely misses you.
You miss Pikel.
Pikel is moderately wounded.
Pikel hits you but does no damage.
You closely miss Pikel.
Pikel is moderately wounded.
You block Pikel's attack.
You hit Pikel but do no damage.
Pikel is moderately wounded.
Pikel zaps a wand.
Your will is overpowered!
You are confused.
The now-empty wand crumbles to dust.
Pikel hits you with a +1 whip of flaming!
You die...

~...##...###
...##.###
#.# #.# #.#
#.# #.#
.###5##.#
....55K@#
#########


You could see Pikel and 3 lemures.

Vanquished Creatures
  An ice beast (D:4)
  A black bear (D:5)
  A lemure (D:5)
  A necrophage (D:4)
  2 scorpions (D:4)
  5 hounds
  An orc priest (D:4)
  3 iguanas (D:5)
  Ijyb (D:5)
  Robin (D:3)
  3 gnolls (D:4)
  6 adders
  A white imp (D:5)
  An ufetubus (D:5)
  A worm (D:2)
  3 dart slugs
  10 orcs
  3 bats
  3 endoplasms (D:4)
  A giant cockroach (D:4)
  13 goblins
  8 hobgoblins
  2 jackals (D:4)
  6 kobolds
  3 quokkas
  9 ball pythons
  3 frilled lizards
  4 rats
97 creatures vanquished.

Notes
Turn   | Place    | Note
-------+----------+-------------------------------------------
     0 | D:1      | qw the Gargoyle Fighter began the quest for the Orb.
     0 | D:1      | Reached XP level 1. HP: 14/14 MP: 1/1
     0 | D:1      | 0 ||| qw: Version: 0.2-a-10-g399e6c4
     0 | D:1      | 0 ||| qw: Game counter: 143
     0 | D:1      | 0 ||| qw: Always use a shield: true
     0 | D:1      | 0 ||| qw: God list: Okawaru
     0 | D:1      | 0 ||| qw: Allow faded altars: false
     0 | D:1      | 0 ||| qw: Do Orc after D:15 true
     0 | D:1      | 0 ||| qw: Do second Lair branch before Depths: true
     0 | D:1      | 0 ||| qw: Lair rune preference: random
     0 | D:1      | 0 ||| qw: Plans: Normal, Zot:1-4, God:TSO, Crypt, Tomb,
                  | Pan, Slime:5, Hells, Abyss, Orb
     0 | D:1      | 0 ||| PLANNING D:1-11
   248 | D:1      | Reached skill level 2 in Axes
   388 | D:1      | Found a faded altar of an unknown god.
   419 | D:1      | Reached XP level 2. HP: 19/19 MP: 2/2
   879 | D:1      | 879 ||| Stepping ~*~*~tactically~*~*~ (stealth).
   891 | D:1      | 891 ||| Stepping ~*~*~tactically~*~*~ (stealth).
   892 | D:1      | 892 ||| Stepping ~*~*~tactically~*~*~ (stealth).
  1012 | D:1      | 1012 ||| READING scroll labelled YNIUKL TAROGEI.
  1013 | D:1      | 1013 ||| READING scroll labelled BEDDYM IROV.
  1017 | D:1      | 1017 ||| READING scroll labelled QENUEBI UZAOS.
  1018 | D:1      | 1018 ||| READING scroll labelled ZOUDAGHUXTA.
  1019 | D:1      | 1019 ||| DRINKING 2 bubbling purple potions.
  1019 | D:1      | Gained mutation: Your mind is acute. (Int +4, Str/Dex -1)
                  | [potion of mutation]
  1019 | D:1      | Gained mutation: You occasionally shout uncontrollably at
                  | your foes. [potion of mutation]
  1019 | D:1      | Gained mutation: Your flesh is heat resistant. (rF+)
                  | [potion of mutation]
  1059 | D:2      | Reached skill level 3 in Axes
  1187 | D:2      | Reached XP level 3. HP: 22/23 MP: 3/3
  1218 | D:2      | Identified the +1 robe "Giycoqi" {*Slow rF- Dex+4 Slay+2}
  1546 | D:2      | 1546 ||| DROPPING +0 mace.
  2005 | D:2      | 2005 ||| UPGRADING to +0 chain mail.
  2015 | D:2      | 2015 ||| DROPPING +0 scale mail.
  2016 | D:2      | 2016 ||| DROPPING ring of magical power.
  2017 | D:2      | 2017 ||| DRINKING 2 green potions.
  2018 | D:2      | 2018 ||| READING 3 scrolls of identify.
  2018 | D:2      | 2018 ||| IDENTIFYING metallic dark potion
  2019 | D:2      | 2019 ||| READING 2 scrolls of identify.
  2019 | D:2      | 2019 ||| IDENTIFYING ruby potion
  2020 | D:2      | 2020 ||| DROPPING potion of flight.
  2046 | D:3      | Noticed Robin
  2047 | D:3      | 2047 ||| STAIRDANCE
  2051 | D:2      | Reached XP level 4. HP: 28/28 MP: 4/4
  2053 | D:3      | 2053 ||| STAIRDANCE
  2107 | D:3      | 2107 ||| STAIRDANCE
  2112 | D:2      | HP: 4/28 [hobgoblin[Robin] (5)]
  2113 | D:2      | 2113 ||| READING scroll of teleportation.
  2114 | D:2      | 2114 ||| DRINKING potion of heal wounds.
  2173 | D:3      | Reached skill level 4 in Axes
  2608 | D:3      | Killed Robin
  2744 | D:3      | 2744 ||| UPGRADING to +0 helmet.
  2749 | D:3      | 2749 ||| READING 2 scrolls labelled UTE DAAPYIR.
  2750 | D:3      | 2750 ||| READING scroll labelled DEIHERR TUOGAI.
  2751 | D:3      | 2751 ||| READING 2 scrolls of identify.
  2751 | D:3      | 2751 ||| IDENTIFYING sedimented sapphire potion
  2752 | D:3      | 2752 ||| DROPPING scroll of vulnerability.
  2753 | D:3      | 2753 ||| DROPPING potion of brilliance.
  2768 | D:4      | 2768 ||| STAIRDANCE
  2882 | D:4      | Noticed a scorpion
  2891 | D:4      | Killed a scorpion
  2892 | D:4      | Reached XP level 5. HP: 25/32 MP: 5/5
  3002 | D:4      | Reached skill level 5 in Axes
  3013 | D:4      | 3013 ||| Stepping ~*~*~tactically~*~*~ (hiding).
  3128 | D:4      | Reached XP level 6. HP: 38/38 MP: 6/6
  3164 | D:4      | Noticed an ice beast
  3181 | D:4      | Killed an ice beast
  3266 | D:4      | 3266 ||| DROPPING +1 mace of holy wrath.
  3575 | D:4      | Reached skill level 6 in Axes
  3876 | D:4      | 3876 ||| Stepping ~*~*~tactically~*~*~ (hiding).
  3878 | D:4      | 3878 ||| Stepping ~*~*~tactically~*~*~ (hiding).
  3888 | D:4      | Reached XP level 7. HP: 28/43 MP: 7/7
  4259 | D:4      | 4259 ||| UPGRADING to +0 pair of boots.
  4264 | D:4      | 4264 ||| READING 3 scrolls of identify.
  4264 | D:4      | 4264 ||| IDENTIFYING fizzy purple potion
  4265 | D:4      | 4265 ||| DROPPING potion of degeneration.
  4271 | D:5      | Entered Level 5 of the Dungeon
  4271 | D:5      | Noticed Ijyb
  4280 | D:5      | Killed Ijyb
  4290 | D:5      | 4290 ||| FLEEEEING.
  4291 | D:5      | 4291 ||| FLEEEEING.
  4292 | D:5      | 4292 ||| STAIRDANCE
  4407 | D:5      | 4407 ||| Stepping ~*~*~tactically~*~*~ (stealth).
  4529 | D:5      | Reached skill level 7 in Axes
  4595 | D:5      | 4595 ||| Stepping ~*~*~tactically~*~*~ (stealth).
  4598 | D:5      | 4598 ||| Stepping ~*~*~tactically~*~*~ (stealth).
  4763 | D:5      | 4763 ||| Stepping ~*~*~tactically~*~*~ (hiding).
  4844 | D:5      | 4844 ||| Stepping ~*~*~tactically~*~*~ (stealth).
  5159 | D:5      | Reached skill level 1 in Dodging
  5214 | D:5      | Noticed Pikel
  5237 | D:5      | HP: 7/44 [Pikel/+1 whip of flaming (6)]
  5242 | D:5      | Slain by Pikel

Levels and vault maps discovered:
D:1:      erik_arrival_triangle_medium, layout_loops_corners,
          hellmonk_ecumenical_altar_pennies_from_heaven
D:2:      layout_basic
D:3:      layout_rooms, uniq_robin
D:4:      layout_loops_corners, minivault_4, due_unseen_surprise
D:5:      black_bear_nest_1, layout_basic, moated_statue, uniq_ijyb, uniq_pikel

Skill      XL: |  1  2  3  4  5  6  7 |
---------------+----------------------+-----
Axes           | 2 3 4 5 6 7 |  7.1
Fighting       | 4 5 |  5.1
Dodging        | 1 |  1.2
Throwing       | |  0.2
Armour         | |  3.2
Shields        | |  3.2

Action                   |  1- 3 |  4- 6 |  7- 9 || total
-------------------------+-------+-------+-------++-------
Melee: War axe           |   114 |   125 |   119 ||   358
Throw: Boomerang         |       |       |    21 ||    21
  Use: Scroll            |     6 |     4 |     1 ||    11
       Potion            |     2 |     1 |       ||     3
Armor: Scale mail        |    60 |       |       ||    60
       Chain mail        |     1 |    90 |    84 ||   175
Dodge: Dodged            |    44 |    52 |    62 ||   158
Block: Buckler           |    27 |    23 |    25 ||    75

Table legend:
 A = Non-vault XP
 B = Vault XP
 C = Vault XP percentage of total XP
 D = Non-vault monster count
 E = Vault monster count
 F = Vault count percentage of total count
                 A         B        C        D         E       F
            +---------+---------+-------+---------+---------+-------
      Total |     997 |     188 |  15.9 |      82 |      14 |  14.6
            +---------+---------+-------+---------+---------+-------
        D:1 |      29 |       0 |   0.0 |      18 |       0 |   0.0
        D:2 |      51 |      16 |  23.9 |      15 |       9 |  37.5
        D:3 |      10 |      19 |  65.5 |       6 |       3 |  33.3
        D:4 |     568 |       0 |   0.0 |      24 |       0 |   0.0
        D:5 |     339 |     153 |  31.1 |      19 |       2 |   9.5
            +---------+---------+-------+---------+---------+-------
